 Dungeon Crawl Stone Soup version 0.23.1-41-g7e51ed3 (webtiles) character file.

Game seed: 14788566747371122930

156765 Borgoz the Protected (level 17, 0/104 HPs)
             Began as a Gargoyle Gladiator on Mar 29, 2019.
             Was an Elder of Ashenzari.
             Slain by a phantasmal warrior (23 damage)
             ... led by a death knight
             ... on level 2 of the Abyss.
             The game lasted 01:36:12 (28763 turns).

Borgoz the Protected (Gargoyle Gladiator)          Turns: 28763, Time: 01:36:14

Health: 0/104      AC: 37    Str: 19    XL:     17   Next: 68%
Magic:  24/24      EV: 21    Int: 14    God:    Ashenzari [****..]
Gold:   1095       SH:  0    Dex: 24    Spells: 16/26 levels left

rFire    . . .     SeeInvis +   b - +2 short sword (elec)
rCold    + + .     Gourm    .   (no shield)
rNeg     + . .     Faith    .   J - +3 scale mail "Weat" {rC+ Regen+ Slay+5}
rPois    ∞         Spirit   .   i - +2 hat {Int+3}
rElec    +         Reflect  .   O - +2 cloak {rPois}
rCorr    .         Harm     .   m - +2 pair of gloves of Democracy {Dex+4}
MR       +....     Clarity  +   r - +1 pair of boots "Xoiriuc" {rC+ Stlth+}
Stlth    +++++.....             T - amulet of regeneration
HPRegen  1.07/turn              S - +5 ring of dexterity
MPRegen  0.19/turn              E - ring of protection from magic

@: about to teleport, vulnerable
A: big wings, negative energy resistance 1, electricity resistance, unbreathing,
petrification resistance, rot immunity, AC +12
a: Fly, Curse Item, Scrying, Renounce Religion


You were on level 2 of the Abyss.
You worshipped Ashenzari.
Ashenzari was greatly pleased with you.
You were not hungry.

You visited 5 branches of the dungeon, and saw 26 of its levels.
You visited the Abyss 1 time.
You visited 1 bazaar.
You also visited: Sewer and Ice Cave.

You collected 2892 gold pieces.
You spent 1797 gold pieces at shops.

Inventory:

Hand Weapons
 a - a +0 rapier of draining
 b - a +2 short sword of electrocution (weapon)
 d - a +0 rapier of venom
Missiles
 y - 17 tomahawks (quivered)
 H - 4 tomahawks of returning
Armour
 i - a +2 hat of intelligence (worn)
 m - the +2 pair of gloves of Democracy (worn) {Dex+4}
   (You bought it in a shop on level 7 of the Dungeon)

   It affects your dexterity (+4).
 r - the +1 pair of boots "Xoiriuc" (worn) {rC+ Stlth+}
   (You bought it in a shop in a bazaar)

   It protects you from cold.
   It makes you more stealthy.
 F - a +1 scale mail of fire resistance
 J - the +3 scale mail "Weat" (worn) {rC+ Regen+ Slay+5}
   (You bought it in a shop in a bazaar)

   It affects your accuracy and damage with ranged weapons and melee attacks
   (+5).
   It protects you from cold.
   It increases your rate of regeneration.
 O - a +2 cloak of poison resistance (worn)
Jewellery
 g - an uncursed ring of fire
 k - an uncursed ring of wizardry
 n - a +3 ring of evasion
 o - an uncursed ring of positive energy
 p - an uncursed ring of ice
 u - a +4 amulet of reflection
 v - an uncursed ring of protection from cold
 w - an uncursed amulet of the gourmand
 E - a ring of protection from magic (right hand)
 S - a +5 ring of dexterity (left hand)
 T - an amulet of regeneration (around neck)
Wands
 c - a wand of iceblast (15)
 G - a wand of acid (14)
 K - a wand of disintegration (42)
 L - a wand of paralysis (1)
 M - a wand of flame (14)
 N - a wand of enslavement (9)
 U - a wand of digging (5)
 X - a wand of clouds (5)
Scrolls
 j - 6 scrolls of magic mapping
 q - 18 scrolls of teleportation
 s - 4 scrolls of fear
 z - 6 scrolls of identify
 B - 8 scrolls of remove curse
 D - a scroll of fog
 Q - 2 scrolls of amnesia
 V - 3 scrolls of blinking
Potions
 e - 3 potions of ambrosia
 h - 4 potions of agility
 l - 5 potions of resistance
 t - 3 potions of haste
 A - 2 potions of brilliance
 C - a potion of invisibility
 I - 3 potions of might
 P - 5 potions of curing
 R - a potion of berserk rage
 W - 5 potions of heal wounds
Comestibles
 f - 49 rations
 x - a chunk of flesh


   Skills:
 + Level 11.5 Fighting
 * Level 13.3 Short Blades
   Level 1.6 Maces & Flails
 - Level 5.0 Throwing
 * Level 14.3 Armour
 * Level 12.3 Dodging
 + Level 12.2 Stealth
 + Level 5.0 Spellcasting
 + Level 8.9 Hexes
 + Level 6.8 Evocations


You had 16 spell levels left.
You knew the following spells:

 Your Spells              Type           Power        Failure   Level  Hunger
a - Confusing Touch       Hex            ####..       1%          1    None
b - Confuse               Hex            ####....     3%          3    ###....
c - Mephitic Cloud        Conj/Pois/Air  #.......     75%         3    ###....
d - Regeneration          Chrm/Necr      #.........   75%         3    ###....

Your spell library contained the following spells:

 Spells                   Type           Power        Failure   Level  Hunger
 Animate Skeleton         Necr           N/A          36%         1    None
 Pain                     Necr           #...         36%         1    None
 Poisonous Vapours        Pois/Air       #.....       50%         2    ##.....
 Conjure Flame            Conj/Fire      #.......     75%         3    ###....
 Gell's Gravitas          Tloc           #.........   75%         3    ###....
 Vampiric Draining        Necr           #.........   75%         3    ###....
 Metabolic Englaciation   Hex/Ice        ###.......   86%         5    ######.
 Yara's Violent Unravell  Hex/Tmut       ###.......   86%         5    ######.
 Animate Dead             Necr           N/A          98%         4    ####...
 Petrify                  Tmut/Erth      #.......     98%         4    ####...
 Freezing Cloud           Conj/Ice/Air   #.........   100%        6    #######
 Ring of Flames           Chrm/Fire      #.........   100%        7    #######


Dungeon Overview and Level Annotations

Branches:
Dungeon (15/15)            Temple (1/1) D:6            Lair (6/6) D:11
 Shoals (0/4) Lair:2       Spider (0/4) Lair:2        Slime (0/5) Lair:5
    Orc (2/2) D:10            Elf (2/3) Orc:2        Vaults (0/5) D:13
 Depths (0/5) D:15

Altars:
Ashenzari
Cheibriados
Dithmenos
Elyvilon
Fedhas
Gozag
Hepliaklqana
Kikubaaqudgha
Makhleb
Nemelex Xobeh
Okawaru
Qazlal
Ru
Sif Muna
Trog
Uskayaw
Vehumet
Wu Jian
Xom
Yredelemnul
Zin
The Shining One
Jiyva

Shops:
D:7 [   D:10 *   Orc:2 !(((

Annotations:
Lair:2 3 runed translucent doors, Jaiteiro's ghost, journeyman MiFi
Lair:5 1 exclusion
Elf:2 3 runed translucent doors


Innate Abilities, Weirdness & Mutations

You are resistant to torment.
Your stone body is resilient. (AC +12)
You are immune to poison.
Your large and strong wings let you fly indefinitely.
You resist negative energy. (rN+)
You are resistant to electric shocks. (rElec)
You can survive without breathing.
You are immune to petrification.
You are immune to rotting.


Message History

The death knight is heavily wounded.
The phantasmal warrior completely misses you.
The flayed ghost closely misses you.
You puncture the death knight!
The death knight is severely wounded.
The death knight reflects your damage back at you!
The phantasmal warrior barely misses you.
You hit the death knight.
The death knight is severely wounded.
The death knight reflects your damage back at you!
The phantasmal warrior hits you.
The death knight hits you with a +1 broad axe!
The flayed ghost hits you but does no damage.
You hit the death knight.
Lightning courses through the death knight!
You kill the death knight!
Your damage is reflected back at you!
* * * LOW HITPOINT WARNING * * *
The phantasmal warrior hits you!!
You die...

, * * * * * * #..
, * , * * * ,,#.
.#..*.* # . . * *
, * ,.#.#.*#... ,
. * * ,,
#....#..,,. * * ,
. ,**,#.... . ..
, . * ** , * .,
...#. ##...#..,,
*, ,##..## ..#
..*#, , , *,#.#
*#)W.# . §. .. .
, , *# ###@W.#
#... , ., * , , ,
#.....W..###
.#..*# * *
*#..##......# #.
.# # .
..........#.##
##. , , *
.##.#...........#
* ,* ..
.##.......#.#, *
##...
#..........#, *
###........#.#.*
. , ,,
...##...##.#..##


You could see a flayed ghost and 2 phantasmal warriors.

Vanquished Creatures
  Rupert (D:15)
  Jorgrun (D:15)
  Gastronok (Lair:1)
  Kirke (D:13)
  Roxanne (D:14)
  A fire giant (D:15)
  2 deep elf sorcerers (Elf:1)
  A reaper (IceCv)
  A very ugly thing (D:13)
  A deep elf annihilator (Elf:1)
  Snorg (D:11)
  An ettin (Orc:2)
  A fire dragon (Lair:1)
  A deep elf high priest (Elf:1)
  Josephine (D:10)
  4 ogre magi
  Fannar (D:10)
  5 hydras
  Erica (D:8)
  A catoblepas (Lair:6)
  5 centaur warriors
  16 two-headed ogres
  A deep troll shaman (Lair:6)
  19 death yaks
  2 death knights
  5 dancing weapons
  11 deep elf knights
  A shadow wraith (D:13)
  An iron troll (D:11)
  A death drake (Abyss:2)
  3 unseen horrors
  4 deep trolls
  Pikel (D:4)
  7 deep elf archers
  A wolf spider (Orc:1)
  A wolf spider zombie (D:14)
  35 deep elf magi
  4 orc knights
  4 orc sorcerers
  14 ugly things
  4 cyclopes
  2 manticores
  A salamander (shapeshifter) (D:15)
  Maurice (D:10)
  3 centaur zombies
  17 elephants
  A guardian serpent (shapeshifter) (D:15)
  A fire giant zombie (Abyss:2)
  2 black mambas
  A smoke demon (Abyss:2)
  Joseph (D:7)
  2 ice statues (IceCv)
  6 spiny frogs
  3 torpor snails (Lair:6)
  A torpor snail (shapeshifter) (Elf:1)
  2 gargoyles
  2 freezing wraiths (D:15)
  4 yaktaurs (D:13)
  4 komodo dragons
  4 kobold demonologists
  A redback zombie (D:15)
  A komodo dragon (shapeshifter) (D:13)
  11 ice devils (IceCv)
  A polar bear (Lair:6)
  17 trolls
  A polar bear (shapeshifter) (D:14)
  Prince Ribbit (D:7)
  9 slime creatures
  A blink frog (shapeshifter) (D:13)
  8 blink frogs
  7 hippogriffs
  A meliai zombie (D:14)
  A dream sheep (shapeshifter) (D:15)
  8 dream sheep
  An air elemental (Elf:1)
  2 shadows (D:13)
  4 wraiths
  3 tarantellas (Orc:1)
  3 wyverns
  4 water elementals
  2 fire elementals (Elf:2)
  A hog (shapeshifter) (D:15)
  44 yaks
  A steam dragon (D:13)
  5 basilisks
  A redback simulacrum (D:14)
  Eustachio (D:6)
  4 vampire mosquitoes (D:15)
  Grum (D:8)
  A hungry ghost (D:8)
  Menkaure (D:7)
  4 wargs (Orc:1)
  An acid dragon (D:13)
  Edmund (D:6)
  A soldier ant (D:12)
  14 water moccasins
  7 porcupines
  Duvessa (D:7)
  16 orc warriors
  4 black bears
  11 ice beasts
  2 slaves (D:4)
  2 eyes of draining
  A necrophage (D:9)
  A phantom (D:10)
  31 ogres
  16 centaurs
  20 wolves
  13 crocodiles
  7 big kobolds
  10 bullfrogs
  Dowan (D:7)
  2 wyvern zombies
  An earth elemental (Elf:2)
  A wyvern skeleton (D:14)
  A scorpion (D:8)
  A hornet simulacrum (D:14)
  9 killer bees
  5 wights (D:10)
  4 howler monkeys (D:11)
  2 electric eels (D:11)
  2 bullfrog zombies
  10 crimson imps
  3 hounds
  A quasit (D:14)
  4 centaur skeletons
  A bullfrog skeleton (D:8)
  A gnoll shaman (D:7)
  5 jellies
  18 orc wizards
  9 orc priests
  An iguana (D:10)
  9 worker ants
  A killer bee zombie (D:6)
  A hound zombie (D:5)
  A hound skeleton (D:4)
  A worker ant zombie (D:9)
  10 gnolls
  14 adders
  A howler monkey skeleton (D:8)
  2 shadow imps
  6 white imps (IceCv)
  7 ufetubi (IceCv)
  6 oozes
  An adder zombie (D:9)
  2 worms
  4 dart slugs
  5 leopard geckos
  60 orcs
  4 ball pythons
  6 giant cockroaches
  12 goblins
  6 hobgoblins
  8 jackals
  3 quokkas
  3 bats
  10 frilled lizards
  A jackal skeleton (D:6)
  23 kobolds
  2 leopard gecko skeletons
  A leopard gecko zombie (D:8)
  11 rats
  2 fungi
  A plant (Lair:1)
842 creatures vanquished.

Vanquished Creatures (others)
  A deep elf mage (Elf:1)
  An elephant (Lair:5)
  6 humans (D:13)
  An ogre (D:13)
  3 white imps (IceCv)
  4 ufetubi (IceCv)
  An orc (D:4)
  A kobold (D:13)
  A quokka (D:11)
  24 fungi
  16 plants
59 creatures vanquished.

Grand Total: 901 creatures vanquished

Notes
Turn   | Place    | Note
-------+----------+-------------------------------------------
     0 | D:1      | Borgoz the Gargoyle Gladiator began the quest for the Orb.
     0 | D:1      | Reached XP level 1. HP: 12/12 MP: 1/1
   350 | D:1      | Reached XP level 2. HP: 18/18 MP: 2/2
   742 | D:1      | Reached XP level 3. HP: 18/22 MP: 3/3
   938 | D:2      | Reached skill level 1 in Armour
   938 | D:2      | Reached skill level 1 in Stealth
  1312 | D:2      | Reached XP level 4. HP: 25/27 MP: 4/4
  1329 | D:2      | Found a glowing golden altar of the Shining One.
  1329 | D:2      | Found a radiant altar of Vehumet.
  1329 | D:2      | Found a basalt altar of Yredelemnul.
  2339 | D:3      | Reached XP level 5. HP: 32/32 MP: 5/5
  2409 | D:3      | Reached skill level 2 in Armour
  2808 | D:4      | Noticed a slave
  2808 | D:4      | Noticed Pikel
  2809 | D:4      | Found a glowing drain.
  2809 | D:4      | Noticed a slave
  2809 | D:4      | Noticed a slave
  2809 | D:4      | Noticed a slave
  2822 | D:4      | Killed a slave
  2824 | D:4      | Killed a slave
  2831 | D:4      | Killed Pikel
  2831 | D:4      | Reached skill level 3 in Armour
  2831 | D:4      | Reached XP level 6. HP: 11/38 MP: 6/6
  2831 | D:4      | Reached XP level 7. HP: 12/42 MP: 7/7
  2852 | Sewer    | Entered a sewer
  3217 | Sewer    | Reached skill level 5 in Short Blades
  3523 | D:4      | You fall through a shaft!
  3523 | D:5      | Entered Level 5 of the Dungeon
  3544 | D:5      | Reached XP level 8. HP: 48/48 MP: 8/8
  3967 | D:5      | Found a sparkling altar of Nemelex Xobeh.
  4159 | D:5      | Noticed an Executioner
  4160 | D:5      | Found a burning altar of Makhleb.
  4163 | D:5      | Found a glowing silver altar of Zin.
  4163 | D:5      | Noticed an angel
  4515 | D:6      | Found a staircase to the Ecumenical Temple.
  4545 | Temple   | Entered the Ecumenical Temple
  4693 | Temple   | Became a worshipper of Ashenzari the Shackled
  4987 | D:6      | Noticed Edmund
  5002 | D:6      | Killed Edmund
  5002 | D:6      | Reached skill level 4 in Armour
  5002 | D:6      | Reached skill level 5 in Dodging
  5075 | D:6      | Learned a level 1 spell: Confusing Touch
  5184 | D:6      | Found a blossoming altar of Fedhas.
  5203 | D:6      | Learned a level 3 spell: Confuse
  5394 | D:6      | Noticed Eustachio
  5411 | D:6      | Killed Eustachio
  5701 | D:7      | Found an ancient bone altar of Kikubaaqudgha.
  5702 | D:7      | Found a bloodstained altar of Trog.
  5713 | D:7      | Noticed Menkaure
  5730 | D:7      | Killed Menkaure
  5730 | D:7      | Reached skill level 1 in Spellcasting
  5730 | D:7      | Reached XP level 9. HP: 24/53 MP: 8/10
  5741 | D:7      | Reached skill level 5 in Fighting
  5741 | D:7      | Reached skill level 1 in Hexes
  5898 | D:7      | Noticed Joseph
  5942 | D:7      | Killed Joseph
  5942 | D:7      | Reached skill level 5 in Stealth
  6249 | D:7      | Found Ohoel's Antique Armour Emporium.
  6257 | D:7      | Bought a pair of spiked gloves for 256 gold pieces
  6262 | D:7      | Identified the +2 pair of gloves of Democracy {Dex+4} (You
                  | bought it in a shop on level 7 of the Dungeon)
  6266 | D:7      | Noticed Duvessa
  6266 | D:7      | Noticed Dowan
  6280 | D:7      | Killed Duvessa
  6285 | D:7      | Killed Dowan
  6436 | D:7      | Found a shadowy altar of Dithmenos.
  6477 | D:7      | Noticed Prince Ribbit
  6480 | D:7      | Killed Prince Ribbit
  6480 | D:7      | Reached skill level 5 in Armour
  6841 | D:8      | Noticed a kobold demonologist
  6864 | D:8      | Noticed a hellwing
  6865 | D:8      | Killed a kobold demonologist
  6874 | D:8      | Reached XP level 10. HP: 47/60 MP: 13/13
  6952 | D:8      | Noticed Erica
  6973 | D:8      | Killed Erica
  7316 | D:8      | Found a sacrificial altar of Ru.
  7416 | D:8      | Noticed Grum
  7445 | D:8      | Killed Grum
  7711 | D:8      | Found an ornate altar of the Wu Jian Council.
  7924 | D:9      | Reached * piety under Ashenzari
  7956 | D:9      | Reached skill level 6 in Armour
  8017 | D:9      | Noticed a manticore
  8038 | D:9      | Killed a manticore
  8038 | D:9      | Reached skill level 1 in Evocations
  8663 | D:9      | Reached XP level 11. HP: 61/66 MP: 16/16
  8847 | D:10     | Entered Level 10 of the Dungeon
  8905 | D:10     | Noticed Josephine
  8933 | D:10     | Killed Josephine
  8988 | D:10     | Found Yskostri's Elemental Accessories.
  9095 | D:10     | Noticed Maurice
  9116 | D:10     | Killed Maurice
  9116 | D:10     | Reached skill level 7 in Armour
  9150 | D:10     | Noticed Fannar
  9178 | D:10     | Killed Fannar
  9283 | D:10     | Found a staircase to the Orcish Mines.
  9634 | D:11     | Noticed a manticore
  9655 | D:11     | Killed a manticore
  9675 | D:11     | Found a frozen archway.
  9782 | IceCv    | Entered an ice cave
 10866 | IceCv    | Reached XP level 12. HP: 57/72 MP: 18/18
 11162 | IceCv    | Noticed a reaper
 11180 | IceCv    | Killed a reaper
 11180 | IceCv    | Reached skill level 8 in Armour
 11187 | IceCv    | Got the demon whip of the Hero {drain, +Rage rF+}
 11629 | D:11     | Reached skill level 1 in Maces & Flails
 11686 | D:11     | Noticed Snorg
 11742 | D:11     | Found a staircase to the Lair.
 12057 | D:11     | Killed Snorg
 12088 | D:11     | Reached ** piety under Ashenzari
 12099 | D:11     | Reached skill level 5 in Spellcasting
 12147 | D:11     | Noticed an iron troll
 12184 | D:11     | Killed an iron troll
 12220 | D:11     | Reached skill level 5 in Hexes
 12744 | D:12     | Noticed a two-headed ogre
 12749 | D:12     | Reached skill level 9 in Armour
 12791 | D:11     | Reached XP level 13. HP: 44/78 MP: 20/20
 13497 | Lair:1   | Entered Level 1 of the Lair of Beasts
 13600 | Lair:1   | Identified the +9 demon whip of the Hero {drain, +Rage rF+}
                  | (You found it in an ice cave)
 13660 | Lair:1   | Noticed Gastronok
 13684 | Lair:1   | Killed Gastronok
 13742 | Lair:1   | Noticed a fire dragon
 13776 | Lair:1   | Killed a fire dragon
 14220 | Lair:1   | Reached skill level 10 in Short Blades
 14568 | Lair:2   | Found a hole to the Spider Nest.
 14607 | Lair:2   | Reached skill level 5 in Throwing
 14793 | Lair:2   | Found a runed translucent gate.
 14794 | Lair:2   | Found a runed translucent gate.
 14795 | Lair:2   | Found a runed translucent gate.
 14795 | Lair:2   | Noticed a death ooze
 14797 | Lair:2   | Found a viscous altar of Jiyva.
 14797 | Lair:2   | Noticed Jaiteiro's ghost (journeyman MiFi)
 15439 | Lair:2   | Found a staircase to the Shoals.
 15890 | Lair:3   | Reached skill level 10 in Armour
 16546 | Lair:3   | Identified a scroll of acquirement
 16547 | Lair:3   | Got the cursed lajatang of Diet Blood {pain, rF+ Str-4
                  | SInv}
 16933 | Lair:4   | Reached *** piety under Ashenzari
 16994 | Lair:4   | Gained mutation: Your large and strong wings let you fly
                  | indefinitely. [Gargoyle growth]
 16994 | Lair:4   | Reached XP level 14. HP: 48/84 MP: 21/21
 17901 | Lair:5   | Found a staircase to the Slime Pits.
 17925 | Lair:5   | Reached skill level 5 in Evocations
 18470 | Lair:6   | Entered Level 6 of the Lair of Beasts
 18961 | Lair:5   | Reached skill level 11 in Armour
 19068 | Lair:6   | Reached skill level 10 in Dodging
 19480 | Lair:6   | Reached skill level 10 in Stealth
 20016 | Lair:6   | Reached XP level 15. HP: 71/91 MP: 22/22
 21209 | D:13     | Reached skill level 12 in Armour
 21214 | D:13     | Noticed Kirke
 21234 | D:13     | Killed Kirke
 21325 | D:13     | Reached skill level 10 in Fighting
 21749 | D:13     | Paralysed by an ogre mage for 6 turns
 21863 | D:13     | Reached **** piety under Ashenzari
 21879 | D:13     | Found a gate to the Vaults.
 22292 | D:13     | Found a flickering gateway to a bazaar.
 22414 | Bazaar   | Entered a bazaar
 22437 | Bazaar   | Found Zyllorgh's Weapon Shoppe.
 22454 | Bazaar   | Found Suceecen's Antique Armour Shoppe.
 22503 | Bazaar   | Found Vedath's Weapon Boutique.
 22516 | Bazaar   | Found Ostruoch's Book Shoppe.
 22538 | Bazaar   | Bought a pair of scorched boots for 209 gold pieces
 22538 | Bazaar   | Bought an encrusted plate armour for 616 gold pieces
 22538 | Bazaar   | Bought a jewelled scale mail for 198 gold pieces
 22623 | D:13     | Identified the +1 pair of boots "Xoiriuc" {rC+ Stlth+} (You
                  | bought it in a shop in a bazaar)
 22634 | D:13     | Identified the +3 scale mail "Weat" {rC+ Regen+ Slay+5}
                  | (You bought it in a shop in a bazaar)
 22768 | Lair:1   | Identified the +1 plate armour of Heblan {rPois Dex+4} (You
                  | bought it in a shop in a bazaar)
 22844 | D:14     | Noticed Roxanne
 23817 | D:14     | Killed Roxanne
 23817 | D:14     | Reached XP level 16. HP: 54/98 MP: 23/23
 23888 | D:15     | Entered Level 15 of the Dungeon
 24006 | D:15     | Noticed Jorgrun
 24014 | D:15     | Killed Jorgrun
 24103 | D:15     | Noticed Rupert
 24109 | D:15     | Reached skill level 13 in Armour
 24154 | D:15     | Killed Rupert
 24651 | D:15     | Found a staircase to the Depths.
 25037 | Orc:1    | Entered Level 1 of the Orcish Mines
 25292 | Orc:2    | Entered Level 2 of the Orcish Mines
 25390 | Orc:2    | Found Daonlat's Weapon Emporium.
 25611 | Orc:2    | Found Houcuafa's Weapon Shoppe.
 25634 | Orc:2    | Found Soetad's Distillery.
 25671 | Orc:2    | Found Zaolo's Antique Weapon Emporium.
 25677 | Orc:2    | Bought a potion of heal wounds for 70 gold pieces
 25677 | Orc:2    | Bought 2 potions of heal wounds for 140 gold pieces
 25677 | Orc:2    | Bought a potion of agility for 56 gold pieces
 25677 | Orc:2    | Bought a potion of haste for 140 gold pieces
 25677 | Orc:2    | Bought 2 potions of might for 112 gold pieces
 25817 | Orc:2    | Found a staircase to the Elven Halls.
 26742 | Elf:1    | Entered Level 1 of the Elven Halls
 26855 | Elf:1    | Reached XP level 17. HP: 104/104 MP: 24/24
 27433 | Elf:1    | Reached skill level 14 in Armour
 27791 | Elf:1    | Learned a level 3 spell: Mephitic Cloud
 28217 | Elf:2    | Found a runed translucent gate.
 28217 | Elf:2    | Found a runed translucent gate.
 28218 | Elf:2    | Found a runed translucent gate.
 28613 | Elf:2    | Learned a level 3 spell: Regeneration
 28660 | Elf:2    | Cast into level 2 of the Abyss (+2 battleaxe of distortion)
 28698 | Abyss:2  | Noticed a Hell Sentinel
 28763 | Abyss:2  | Slain by a phantasmal warrior

Skill      XL: |  1  2  3  4  5  6  7  8  9 10 11 12 13 14 15 16 17 |
---------------+----------------------------------------------------+-----
Short Blades   | 3 4 5 6 7 8 9 10 11 12 13 | 13.3
Armour         | 1 3 4 5 6 7 9 10 11 12 13 14 | 14.3
Stealth        | 1 3 4 5 6 7 8 9 10 11 12 | 12.2
Dodging        | 3 4 5 6 7 8 9 10 11 12 | 12.3
Fighting       | 3 4 5 6 7 8 9 10 11 | 11.5
Spellcasting   | 1 2 3 4 5 |  5.0
Hexes          | 2 3 4 5 6 7 8 |  8.9
Throwing       | 2 3 4 5 |  5.0
Evocations     | 1 2 3 4 5 6 |  6.8
Maces & Flails | 1 |  1.6

Action                   |  1- 3 |  4- 6 |  7- 9 | 10-12 | 13-15 | 16-18 || total
-------------------------+-------+-------+-------+-------+-------+-------++-------
Melee: Rapier            |   117 |    56 |       |       |  1390 |    36 ||  1599
       Short sword       |       |    73 |   375 |  1625 |   953 |  1267 ||  4293
       Demon whip        |       |       |       |       |    53 |       ||    53
Throw: Throwing net      |       |       |     3 |     9 |     1 |       ||    13
       Javelin           |       |       |       |     2 |       |       ||     2
 Cast: Confusing Touch   |       |       |       |     3 |    51 |    10 ||    64
Evoke: Wand              |       |     3 |       |    11 |       |     4 ||    18
  Use: Scroll            |       |       |    16 |    12 |    10 |     4 ||    42
       Potion            |       |       |     2 |    10 |     1 |     1 ||    14
 Stab: Sleeping          |       |     1 |    12 |    10 |    32 |    18 ||    73
       Held in net/web   |       |       |     2 |     8 |     1 |       ||    11
       Distracted        |       |       |       |     2 |     5 |       ||     7
       Confused          |       |       |       |     7 |    42 |    10 ||    59
       Paralysed         |       |       |       |     2 |       |     1 ||     3
       Petrified         |       |       |       |       |    15 |       ||    15
  Eat: Chunk             |       |     6 |    16 |    15 |    31 |    14 ||    82
       Ration            |       |       |       |     2 |     3 |       ||     5
Armor: Leather armour    |    27 |    24 |    55 |   372 |       |       ||   478
       Skin              |       |       |     6 |       |       |       ||     6
       Troll leather arm |       |       |       |    89 |   798 |       ||   887
       Scale mail        |       |       |       |       |    46 |   438 ||   484
Dodge: Dodged            |    75 |    85 |   246 |  1404 |  2445 |   976 ||  5231
Block: Other             |       |       |    28 |    26 |       |       ||    54
